 Dungeon Crawl Stone Soup version 0.26-a0-64-g059e62fbdb (webtiles) character file.

Game seed: 10936527849704584908

130 Apogee the Skirmisher (level 5, 0/48 HPs)
             Began as a Hill Orc Fighter on June 10, 2020.
             Hit by a stone thrown by a kobold (1 damage)
             ... on level 3 of the Dungeon.
             The game lasted 00:03:49 (2229 turns).

Apogee the Skirmisher (Hill Orc Fighter)            Turns: 2229, Time: 00:03:50

Health: 0/48       AC:  1    Str: 20    XL:     5   Next: 14%
Magic:  5/5        EV:  5    Int:  8    God:
Gold:   147        SH:  5    Dex: 10    Spells: 4/4 levels left

rFire    . . .     SeeInvis .   a - +0 war axe
rCold    . . .     Gourm    .   (no shield)
rNeg     . . .     Faith    .   h - -2 plate armour (curse)
rPois    .         Spirit   .   (no helmet)
rElec    .         Reflect  +   (no cloak)
rCorr    .         Harm     .   (no gloves)
MR       .....                  (no boots)
Stlth    ..........             m - amulet of reflection
HPRegen  0.16/turn              j - ring of attention (curse)
MPRegen  0.09/turn              (no ring)

@: mighty, corroded
A: no striking features
a: no special abilities


You were on level 3 of the Dungeon.
You were not hungry.

You visited 1 branch of the dungeon, and saw 3 of its levels.

You collected 147 gold pieces.

Inventory:

Hand Weapons
 a - a +0 war axe (weapon)
 g - a +2 dagger of speed
Missiles
 i - 33 stones (quivered)
Armour
 b - a +0 scale mail
 c - a +0 kite shield
 h - a cursed -2 plate armour (worn)
 o - a +0 helmet
Jewellery
 j - a cursed ring of attention (left hand)
 m - an amulet of reflection (around neck)
Potions
 e - a potion of flight {unknown}
 k - a potion of magic {unknown}
 l - a potion of haste {unknown}
 n - a potion of lignification {unknown}
Comestibles
 f - 3 rations
 p - 10 chunks of flesh


   Skills:
 + Level 5.4 Fighting
 + Level 5.2 Axes
 - Level 3.2 Armour
 - Level 3.2 Shields


You had 4 spell levels left.
You didn't know any spells.
Your spell library was empty.

Dungeon Overview and Level Annotations

Branches:
Dungeon (3/15)

Altars:


Message History

The ooze quivers.
You hit the jelly.
You kill the jelly!
Your Axes skill increases to level 5!
You have reached level 5!
You feel stronger.
You slash the kobold!
You kill the kobold!
You see here a kobold corpse.
There is an open door here.
There is an open gate here.
The kobold shouts!
You hear a shout!
You hear an angry buzzing noise.
The kobold throws a stone.
The stone hits you.
* * * LOW HITPOINT WARNING * * *
You see here a stone.
The kobold throws a stone.
The stone hits you.
* * * LOW HITPOINT WARNING * * *
You see here a stone.
The kobold throws a stone.
The stone hits you.
You die...

.###.#.######.....g.
.'...#.######.#..#.#
.
.#####....)...#..#.#
.# .#
###.###..#.##.# #.#
.# ##..##.....#.#...
.# #....J.J...#)#.#
># ##'''####J...K.#
.# ##...## ##(..#.#
## ##...J.## #@..#
#.......# #...#####
#.......###........
#....J..##..#.####.
#...J...###<.......
####....# #........
##J.'....# #........
#J######## #.#[#####
##.J.JJJ## #.#..


You could see an ooze and a kobold.

Vanquished Creatures
  A jelly (D:3)
  Robin (D:3)
  2 adders
  An ooze (D:3)
  A worm (D:3)
  2 giant cockroaches (D:2)
  10 goblins
  13 hobgoblins
  A ball python (D:2)
  11 bats
  2 frilled lizards
  12 kobolds
  6 rats
63 creatures vanquished.

Vanquished Creatures (others)
  3 fungi (D:3)
  8 toadstools (D:3)
11 creatures vanquished.

Grand Total: 74 creatures vanquished

Notes
Turn   | Place    | Note
-------+----------+-------------------------------------------
     0 | D:1      | Apogee the Hill Orc Fighter began the quest for the Orb.
     0 | D:1      | Reached XP level 1. HP: 19/19 MP: 1/1
   283 | D:1      | Reached XP level 2. HP: 24/27 MP: 2/2
   694 | D:1      | Reached XP level 3. HP: 32/34 MP: 3/3
  1808 | D:3      | Noticed Robin
  1898 | D:3      | Reached XP level 4. HP: 29/41 MP: 4/4
  2070 | D:3      | Reached skill level 5 in Fighting
  2107 | D:3      | Killed Robin
  2210 | D:3      | HP: 1/42 [acid (7)]
  2211 | D:3      | Reached skill level 5 in Axes
  2211 | D:3      | Reached XP level 5. HP: 1/48 MP: 5/5
  2227 | D:3      | HP: 2/48 [kobold/stone (2)]
  2229 | D:3      | Hit by a stone thrown by a kobold

Illustrated notes

Levels and vault maps discovered:
D:1:      minmay_arrival_arboretum_small, layout_basic
D:2:      layout_basic, serial_curves, eino_curves_02, eino_curves_02,
          eino_curves_04
D:3:      cheibrodos_fertilizer, layout_basic, overflow_temple_1_default,
          grunt_temple_overflow_open,
          chequers_temple_overflow_statue_of_worship, uniq_robin

Skill      XL: |  1  2  3  4 |
---------------+-------------+-----
Axes           | 3 4 5 |  5.2
Fighting       | 4 5 |  5.4
Armour         | |  3.2
Shields        | |  3.2

Action                   |  1- 3 |  4- 6 || total
-------------------------+-------+-------++-------
Melee: War axe           |   159 |    71 ||   230
  Use: Scroll            |     4 |       ||     4
       Potion            |       |     1 ||     1
  Eat: Chunk             |     3 |     2 ||     5
Armor: Scale mail        |    54 |       ||    54
       Plate armour      |    80 |    38 ||   118
Dodge: Dodged            |    76 |    18 ||    94
Block: Other             |     4 |    20 ||    24
       Reflection        |       |     3 ||     3

Table legend:
 A = Non-vault XP
 B = Vault XP
 C = Vault XP percentage of total XP
 D = Non-vault monster count
 E = Vault monster count
 F = Vault count percentage of total count
                 A         B        C        D         E       F
            +---------+---------+-------+---------+---------+-------
      Total |      93 |      94 |  50.3 |      42 |      21 |  33.3
            +---------+---------+-------+---------+---------+-------
        D:1 |      35 |       0 |   0.0 |      23 |       0 |   0.0
        D:2 |      39 |       2 |   4.9 |      17 |       1 |   5.6
        D:3 |      19 |      92 |  82.9 |       2 |      20 |  90.9
            +---------+---------+-------+---------+---------+-------
